 Dungeon Crawl Stone Soup version 0.27-a0-1548-gf8a67e7463 (webtiles) character file.

Game seed: 1020683667879574696

436 garrulousMonolith the Poker (level 6, 0/48 HPs)
             Began as a Demonspawn Gladiator on July 13, 2021.
             Was a Follower of Yredelemnul.
             Succumbed to an orc's poison
             ... on level 4 of the Dungeon.
             The game lasted 00:04:36 (3549 turns).

garrulousMonolith the Poker (Demonspawn Gladiator)  Turns: 3549, Time: 00:04:36

Health: 0/48       AC:  7    Str: 13 (16) XL:     6   Next: 69%
Magic:  7/7        EV: 10    Int:  6 (9)  God:    Yredelemnul [*.....]
Gold:   47         SH:  8    Dex: 14 (15) Spells: 5/5 levels left

rFire    + . .     SeeInvis .   a - +0 trident
rCold    . . .     Faith    .   q - +0 kite shield
rNeg     . . .     Spirit   +   u - +2 leather armour {rF+}
rPois    .         Reflect  .   v - +0 helmet
rElec    .         Harm     .   (no cloak)
rCorr    .         Rampage  .   (no gloves)
Will     .....                  (no boots)
Stlth    +.........             t - amulet of guardian spirit
HPRegen  0.16/turn              (no ring)
MPRegen  0.20/turn              (no ring)

@: lethally poisoned (0 -> -1), on berserk cooldown
A: rugged brown scales 1, foul stench 3, magic regeneration
a: Renounce Religion, Animate Remains


You were on level 4 of the Dungeon.
You worshipped Yredelemnul.
Yredelemnul was aware of your devotion.
You visited 1 branch of the dungeon, and saw 4 of its levels.

You collected 123 gold pieces.
You spent 76 gold pieces at shops.

Inventory:

Hand Weapons
 a - a +0 trident (weapon)
Missiles
 d - 3 throwing nets
 i - 9 poisoned darts (quivered)
 s - 4 boomerangs
Armour
 q - a +0 kite shield (worn)
 u - a +2 leather armour of fire resistance (worn)
 v - a +0 helmet (worn)
Jewellery
 c - a ring of wizardry
 t - an amulet of guardian spirit (around neck)
Wands
 n - a wand of iceblast (12)
 r - a wand of acid (5)
Scrolls
 e - 3 scrolls of identify {unknown}
 f - a scroll of fog {unknown}
 h - a scroll of amnesia {unknown}
 k - 4 scrolls of enchant weapon {unknown}
 m - a scroll of teleportation {unknown}
 p - a scroll of acquirement {unknown}
Potions
 g - a potion of degeneration


   Skills:
 + Level 3.3 Fighting
 * Level 4.5 Polearms
 - Level 2.0 Throwing
 + Level 2.3 Armour
 + Level 3.5 Dodging
 + Level 1.6 Shields
 + Level 2.2 Invocations


You had 5 spell levels left.
You didn't know any spells.
Your spell library contained the following spells:

 Spells                   Type           Power      Damage    Failure   Level
 Slow                     Hex            0%         N/A       99%         2
 Confusing Touch          Hex            0%         N/A       100%        3
 Stone Arrow              Conj/Erth      0%         3d7       100%        3
 Vampiric Draining        Necr           0%         2d6       100%        3
 Animate Armour           Summ/Erth      0%         N/A       100%        4
 Lehudib's Crystal Spear  Conj/Erth      0%         10d2      100%        8


Dungeon Overview and Level Annotations

Branches:
Dungeon (4/15)
 Temple: D:4-7

Altars:
Yredelemnul

Shops:
D:1 *


Innate Abilities, Weirdness & Mutations

You are partially covered in rugged brown scales. (AC +1, +3% HP)
You frequently emit foul miasma when damaged in melee.
You regenerate magic rapidly.


Message History

You hit the orc.
The orc is almost dead.
* * * LOW HITPOINT WARNING * * *
You feel very sick. The orc barely misses you.
You hit the orc.
You kill the orc!
Yredelemnul accepts your kill.
* * * LOW HITPOINT WARNING * * *
You feel very sick.
It was a potion of might.
You feel very mighty all of a sudden.
* * * LOW HITPOINT WARNING * * *
You feel sick.
It was a potion of berserk rage.
A red film seems to cover your vision as you go berserk!
You feel yourself moving faster!
You feel mighty!
You feel sick.
You are too berserk!
Unknown command.
You feel a strong urge to attack something.
You feel sick.
Items here: ) [ ††.
You feel sick.
You feel your anger nearly subside.
You are no longer berserk.
You are exhausted.
You feel yourself slow down.
* * * LOW HITPOINT WARNING * * *
You feel sick.
Items here: ) [ ††.
Okay, then.
It was a potion of cancellation.
Your magical effects are unravelling.
You feel magically purged.
You feel yourself speed up.
You feel a little less mighty now.
* * * LOW HITPOINT WARNING * * *
You feel sick.
* * * LOW HITPOINT WARNING * * *
You feel sick.
You die...
Your body rises from the dead as a mindless zombie.

### ...#
###$.####
###.).>....
#.@...#
######†#.).#
#......#####
#.###..#...
#......#.###
####........#
#...........#
#.##........#
#.##........#


There were no monsters in sight!

Vanquished Creatures
  A black bear (D:4)
  An ogre (D:4)
  A centaur skeleton (D:4)
  An orc priest (D:3)
  Jessica (D:2)
  An iguana (D:4)
  Robin (D:3)
  4 adders
  A worm (D:3)
  2 dart slugs
  7 orcs
  8 ball pythons
  7 endoplasms
  2 giant cockroaches
  15 goblins
  9 hobgoblins
  6 jackals
  3 kobolds
  A quokka (D:1)
  9 bats
  6 frilled lizards
  9 rats
96 creatures vanquished.

Notes
Turn   | Place    | Note
-------+----------+-------------------------------------------
     0 | D:1      | garrulousMonolith the Demonspawn Gladiator began the quest
                  | for the Orb.
     0 | D:1      | Reached XP level 1. HP: 16/16 MP: 1/1
   100 | D:1      | Found a faded altar of an unknown god.
   190 | D:1      | Gained mutation: You may rarely emit foul miasma when
                  | damaged in melee. [demonic ancestry]
   190 | D:1      | Reached XP level 2. HP: 18/22 MP: 2/2
   328 | D:1      | Reached skill level 3 in Polearms
   632 | D:1      | Found Gosuwke's Assorted Antiques.
   634 | D:1      | Gained mutation: You regenerate magic rapidly. [demonic
                  | ancestry]
   634 | D:1      | Reached XP level 3. HP: 28/28 MP: 3/3
  1133 | D:2      | Noticed Jessica
  1139 | D:2      | Killed Jessica
  1140 | D:2      | Reached skill level 1 in Armour
  1337 | D:2      | Gained mutation: You are partially covered in rugged brown
                  | scales. (AC +1, +3% HP) [demonic ancestry]
  1337 | D:2      | Reached XP level 4. HP: 28/35 MP: 4/4
  1984 | D:1      | Bought a kite shield for 76 gold pieces
  2248 | D:3      | Found a basalt altar of Yredelemnul.
  2256 | D:3      | Became a worshipper of Yredelemnul the Dark
  2297 | D:3      | Gained mutation: You sometimes emit foul miasma when
                  | damaged in melee. [demonic ancestry]
  2297 | D:3      | Reached XP level 5. HP: 14/41 MP: 5/5
  2718 | D:3      | Noticed Robin
  2721 | D:3      | Reached skill level 1 in Invocations
  2748 | D:3      | Killed Robin
  2752 | D:3      | Reached * piety under Yredelemnul
  2753 | D:3      | Reached skill level 4 in Polearms
  3127 | D:4      | Noticed a black bear
  3132 | D:4      | Killed a black bear
  3133 | D:4      | Reached skill level 1 in Shields
  3133 | D:4      | Gained mutation: You frequently emit foul miasma when
                  | damaged in melee. [demonic ancestry]
  3133 | D:4      | Reached XP level 6. HP: 44/48 MP: 5/7
  3547 | D:4      | HP: 2/48 [poisoned by an orc]
  3549 | D:4      | Succumbed to an orc's poison

Illustrated notes

Levels and vault maps discovered:
D:1:      amcnicky_arrival_flooded_fountain, layout_loops_ring,
          ebering_ecumenical_altar_hall, serial_shops,
          nicolae_shop_window_shopping, st_stairs_5, minmay_misc_feat_tiny
D:2:      layout_rooms, minmay_misc_feat_nine_boxes, uniq_jessica
D:3:      layout_rooms, yredelemnul_altar_generic, uniq_robin
D:4:      minmay_wonky_spiral, layout_basic, kennysheep_generic_room_13

Skill      XL: |  1  2  3  4  5  6 |
---------------+-------------------+-----
Polearms       | 3 4 |  4.5
Throwing       | 2 |  2.0
Armour         | 1 2 |  2.3
Dodging        | 3 |  3.5
Invocations    | 1 2 |  2.2
Fighting       | 3 |  3.3
Shields        | 1 |  1.6

Action                   |  1- 3 |  4- 6 || total
-------------------------+-------+-------++-------
Melee: Trident           |   110 |   190 ||   300
Evoke: Wand              |       |     2 ||     2
  Use: Potion            |       |     6 ||     6
 Stab: Sleeping          |       |     1 ||     1
Armor: Ring mail         |    34 |    31 ||    65
       Leather armour    |       |    58 ||    58
Dodge: Dodged            |    56 |    94 ||   150
Block: Kite shield       |       |    77 ||    77

Table legend: (Time is in decaauts)
 A = Elapsed time spent in this place.
 B = Non-inter-level travel time spent in this place.
 C = Inter-level travel time spent in this place.
 D = Time resting spent in this place.
 E = Time spent auto-exploring this place.
 F = Levels seen in this place.
 G = Mean time per level.
                   A        B        C        D        E       F      G
               +--------+--------+--------+--------+--------+-----+--------+
         Total |   3633 |   3399 |    234 |    351 |   2379 |   4 |  908.2 |
       Dungeon |   3633 |   3399 |    234 |    351 |   2379 |   4 |  908.2 |
               +--------+--------+--------+--------+--------+-----+--------+

Top non-repeatable levels by time:
     D:1: 1238 daAuts
     D:3: 1076 daAuts
     D:2: 853 daAuts
     D:4: 465 daAuts
